 Dungeon Crawl Stone Soup version 0.30-a0-122-g2a1322497e (webtiles) character file.

Game seed: 7387736617385559061

1726 snarfax the Cleaver (level 8, -5/73 HPs)
             Began as a Minotaur Fighter on Sept 15, 2022.
             Slain by an anaconda (shapeshifter) (14 damage)
             ... on level 8 of the Dungeon.
             The game lasted 00:13:27 (4798 turns).

snarfax the Cleaver (Minotaur Fighter)              Turns: 4798, Time: 00:13:28

Health: -5/73      AC: 14    Str: 29    XL:     8   Next: 75%
Magic:  7/7        EV:  4    Int:  5    God:
Gold:   374        SH:  6    Dex: 10    Spells: 7/7 levels left

rFire   . . .      SeeInvis .    a - +0 war axe
rCold   . . .      Faith    .    c - +1 buckler
rNeg    . . .      Spirit   .    w - +0 plate armour
rPois   .          Reflect  .    (helmet restricted)
rElec   .          Harm     .    (no cloak)
rCorr   .          Rampage  .    o - +0 pair of gloves
Will    .....                    (no boots)
Stlth   ..........               (no amulet)
HPRegen 0.22/turn                v - +6 ring of strength
MPRegen 0.10/turn                (no ring)

@: constricted
A: horns 2, retaliatory headbutt
a: no special abilities


You were on level 8 of the Dungeon.
You visited 1 branch of the dungeon, and saw 6 of its levels.

You collected 374 gold pieces.

Inventory:

Hand Weapons
 a - a +0 war axe (weapon)
Missiles
 j - 16 poisoned darts (quivered)
 k - 4 boomerangs
 s - 6 curare-tipped darts
Armour
 b - a +0 scale mail
 c - a +1 buckler (worn)
 l - a +0 chain mail
 o - a +0 pair of gloves (worn)
 q - +0 acid dragon scales
 w - a +0 plate armour (worn)
Jewellery
 v - a +6 ring of strength (left hand)
Wands
 u - a wand of roots (7)
Scrolls
 e - 2 scrolls of magic mapping
 f - a scroll of identify
 g - a scroll of immolation
 m - 3 scrolls of fear
 p - 2 scrolls of butterflies
 r - a scroll of enchant armour
Potions
 h - 2 potions of curing
 i - a potion of haste
 n - a potion of heal wounds {unknown}
 t - a potion of ambrosia {unknown}


   Skills:
 + Level 7.4 Fighting
 * Level 9.5 Axes
 + Level 7.4 Armour
 - Level 5.0 Shields


You had 7 spell levels left.
You didn't know any spells.
Your spell library contained the following spells:

 Spells                   Type           Power      Damage    Failure   Level
 Animate Dead             Necr           0%         N/A       100%        4
 Haunt                    Necr/Summ      0%         N/A       100%        7
 Infestation              Necr           0%         N/A       100%        8


Dungeon Overview and Level Annotations

Branches:
Dungeon (5/15)             Temple (0/1) D:5

Altars:
Hepliaklqana
Yredelemnul


Innate Abilities, Weirdness & Mutations

You have a pair of horns on your head.
You reflexively headbutt those who attack you in melee.


Message History

The anaconda bites you. The anaconda constricts you.
You miss the anaconda. You headbutt the anaconda!
The anaconda is heavily wounded.
The anaconda bites you. The anaconda constricts you.
The anaconda bites you but does no damage.
The anaconda constricts you.
You closely miss the anaconda. Your headbutt misses the anaconda.
The anaconda is heavily wounded.
The anaconda bites you. The anaconda constricts you.
You block the anaconda's attack. The anaconda constricts you.
You closely miss the anaconda.
The anaconda is heavily wounded.
The anaconda bites you! The anaconda constricts you.
The anaconda bites you but does no damage.
The anaconda constricts you.
You completely miss the anaconda.
The anaconda is heavily wounded.
The anaconda bites you but does no damage.
The anaconda constricts you. The anaconda bites you.
The anaconda constricts you.
You miss the anaconda. Your headbutt misses the anaconda.
The anaconda is heavily wounded.
The anaconda bites you!
* * * LOW HITPOINT WARNING * * *
The anaconda constricts you.
* * * LOW HITPOINT WARNING * * *
You feel better.
The anaconda bites you but does no damage.
The anaconda constricts you.
* * * LOW HITPOINT WARNING * * *
The anaconda bites you!
* * * LOW HITPOINT WARNING * * *
The anaconda constricts you.
* * * LOW HITPOINT WARNING * * *
You feel better. The anaconda bites you.
* * * LOW HITPOINT WARNING * * *
The anaconda constricts you.
* * * LOW HITPOINT WARNING * * *
The anaconda bites you!
You die...

##### ...# # #.#####
## #. #.....## #.##.##
#.###.##...####...)...
#......#.....@S..#
#.#.##.#...####..#
#....#.##### #.#
#..#.#.# .# #....#.#
###### #### #.#.##.#
#...... ... #......#
#.....# #.# #.#.#.##
#.....# #.# #.#.#.#
.....###.###


You could see an anaconda.

Vanquished Creatures
  A skeletal warrior (D:8)
  An acid dragon (D:8)
  A sky beast (D:8)
  2 black bears
  An ogre (D:4)
  A centaur (D:4)
  A phantom (D:5)
  A necrophage (D:5)
  3 scorpions
  An orc priest (D:5)
  2 hounds
  2 orc wizards
  Robin (D:3)
  8 adders
  2 shadow imps
  2 worms (D:2)
  4 dart slugs
  4 orcs
  14 endoplasms
  A giant cockroach (D:1)
  14 goblins
  10 hobgoblins
  8 jackals
  5 quokkas
  6 ball pythons
  5 bats
  7 frilled lizards
  6 kobolds
  9 rats
123 creatures vanquished.

Notes
Turn   | Place    | Note
-------+----------+-------------------------------------------
     0 | D:1      | snarfax the Minotaur Fighter began the quest for the Orb.
     0 | D:1      | Reached XP level 1. HP: 19/19 MP: 0/0
    37 | D:1      | Reached XP level 2. HP: 23/27 MP: 1/1
   301 | D:1      | Reached skill level 3 in Axes
   392 | D:1      | Found a faded altar of an unknown god.
   392 | D:1      | Noticed a floating eye
   397 | D:1      | Noticed an eye of devastation
   397 | D:1      | Noticed a great orb of eyes
   397 | D:1      | Noticed a floating eye
   426 | D:1      | Reached XP level 3. HP: 31/33 MP: 2/2
  1366 | D:2      | Reached XP level 4. HP: 40/40 MP: 3/3
  1613 | D:3      | Reached skill level 4 in Axes
  1738 | D:3      | Noticed a black bear
  1747 | D:3      | Killed a black bear
  1748 | D:3      | Reached XP level 5. HP: 28/47 MP: 4/4
  2020 | D:3      | Identified the +1 helmet of the Barber Surgeon {Fly Regen+}
  2020 | D:3      | Noticed Robin
  2029 | D:3      | Killed Robin
  2110 | D:3      | Reached skill level 5 in Axes
  2336 | D:4      | Noticed a black bear
  2346 | D:4      | Killed a black bear
  2347 | D:4      | Reached XP level 6. HP: 46/55 MP: 5/5
  2351 | D:4      | Reached skill level 5 in Fighting
  2351 | D:4      | Reached skill level 5 in Shields
  2416 | D:4      | Reached skill level 5 in Armour
  2517 | D:4      | Found a basalt altar of Yredelemnul.
  2528 | D:4      | Found a hazy altar of Hepliaklqana.
  2629 | D:4      | Reached skill level 6 in Axes
  2760 | D:4      | Reached XP level 7. HP: 46/61 MP: 6/6
  3063 | D:5      | Entered Level 5 of the Dungeon
  3229 | D:5      | Found a staircase to the Ecumenical Temple.
  3327 | D:5      | Reached skill level 7 in Axes
  3829 | D:5      | You fall into a shaft and drop 3 floors!
  3841 | D:8      | Reached skill level 8 in Axes
  3841 | D:8      | Reached XP level 8. HP: 37/71 MP: 7/7
  4356 | D:8      | Noticed a skeletal warrior
  4372 | D:8      | Killed a skeletal warrior
  4373 | D:8      | Reached skill level 9 in Axes
  4376 | D:8      | Noticed a wind drake
  4381 | D:8      | a wind drake changed into something unseen
  4394 | D:8      | Noticed a salamander
  4785 | D:8      | Noticed an anaconda
  4798 | D:8      | Slain by an anaconda (shapeshifter)

Illustrated notes

Levels and vault maps discovered:
D:1:      sevenhm_arrival_forest_fort_small_3, layout_basic,
          hellmonk_ecumenical_altar_watching_god, hex_tiny
D:2:      layout_rooms, st_stairs_11
D:3:      layout_rooms, st_stairs_4, uniq_robin
D:4:      layout_basic, amethyst_overflow_temple_binary
D:5:      layout_gridville, minmay_temple_entry_slanted, uniq_ijyb
D:8:      minmay_the_grid_four_pointed_star [minmay_the_grid_triangle_9x9_sprig,
          minmay_the_grid_triangle_9x9_minimal,
          minmay_the_grid_triangle_9x9_empty,
          minmay_the_grid_triangle_9x9_skeleton,
          minmay_the_grid_prize_diamond_cup], layout_loops_cross,
          lemuel_mausoleum_altar_kikubaaqudgha, lair_entry_dummy,
          biasface_ghost_orc_armoury

Skill      XL: |  1  2  3  4  5  6  7  8 |
---------------+-------------------------+-----
Axes           | 3 4 5 6 8 9 |  9.5
Shields        | 4 5 |  5.0
Fighting       | 4 5 6 7 |  7.4
Armour         | 4 5 6 7 |  7.4

Action                   |  1- 3 |  4- 6 |  7- 9 || total
-------------------------+-------+-------+-------++-------
Melee: War axe           |    84 |   105 |   131 ||   320
       Headbutt          |     9 |    13 |    13 ||    35
Throw: Dart              |       |    10 |       ||    10
  Use: Scroll            |     2 |     5 |     4 ||    11
       Potion            |       |       |     5 ||     5
Armor: Scale mail        |    26 |     2 |       ||    28
       Chain mail        |       |    69 |    57 ||   126
       Plate armour      |       |       |    11 ||    11
Dodge: Dodged            |    37 |    37 |    26 ||   100
Block: Buckler           |    13 |    26 |    28 ||    67

Table legend: (Time is in decaauts)
 A = Elapsed time spent in this place.
 B = Non-inter-level travel time spent in this place.
 C = Inter-level travel time spent in this place.
 D = Time resting spent in this place.
 E = Time spent auto-exploring this place.
 F = Levels seen in this place.
 G = Mean time per level.
                   A        B        C        D        E       F      G
               +--------+--------+--------+--------+--------+-----+--------+
         Total |   4859 |   4787 |     72 |    381 |   3452 |   6 |  809.8 |
       Dungeon |   4859 |   4787 |     72 |    381 |   3452 |   6 |  809.8 |
               +--------+--------+--------+--------+--------+-----+--------+

Top non-repeatable levels by time:
     D:1: 1013 daAuts
     D:8: 959 daAuts
     D:4: 938 daAuts
     D:3: 696 daAuts
     D:5: 631 daAuts
     D:2: 620 daAuts
